 Dungeon Crawl Stone Soup version 0.26-a0-597-gb535b0901c (webtiles) character file.

Game seed: 13218839978449675704

(classic levelgen) 206191 EnegeticOcto the Severer (level 17, -5/175 HPs)
             Began as a Deep Dwarf Fighter on Sept 8, 2020.
             Was the Champion of Makhleb.
             Slain by a hell knight
             ... wielding a +0 long sword of draining
              (11 damage)
             ... while paralysed by a floating eye
             ... on level 4 of the Depths.
             The game lasted 00:17:54 (15416 turns).

EnegeticOcto the Severer (Deep Dwarf Fighter)      Turns: 15416, Time: 00:17:55

Health: -5/175     AC: 33    Str: 24    XL:     17   Next: 19%
Magic:  6/6        EV:  2    Int: 11    God:    Makhleb [******]
Gold:   402        SH:  0    Dex: 14    Spells: 16/16 levels left

rFire    + + +     SeeInvis +   a - +3 broad axe (freeze)
rCold    + + +     Faith    .   I - +2 shield of Resistance {rF++ rC++ MR++}
rNeg     + . .     Spirit   .   v - +7 plate armour of Tomorrow {-Tele Rampage Dex+2 SInv}
rPois    +         Reflect  .   J - +2 helmet {Int+3}
rElec    .         Harm     .   (no cloak)
rCorr    .         NoTele   +   b - +2 pair of gloves
MR       +++++                  t - +2 pair of boots
Stlth    ..........             B - amulet "Ixzan" {Acrobat rPois rC++ Str-2 SInv}
HPRegen  0.00/turn              j - ring of protection from magic (curse)
MPRegen  0.10/turn              K - ring of protection from fire

@: paralysed, engulfed (cannot breathe), non-regenerating, lightly drained
A: damage resistance, heal wounds, claws 1, low mp 1, negative energy resistance
1, sense surroundings 2, weak 1, no potion heal 1, no regeneration
}: 3/15 runes: decaying, serpentine, abyssal
a: Heal Wounds, Minor Destruction, Lesser Servant of Makhleb, Major Destruction,
Greater Servant of Makhleb, Renounce Religion


You were on level 4 of the Depths.
You worshipped Makhleb.
Makhleb was exalted by your worship.
You visited 7 branches of the dungeon, and saw 36 of its levels.
You visited the Abyss 1 time.
You also visited: Bailey.

You collected 2351 gold pieces.
You spent 1949 gold pieces at shops.

Inventory:

Hand Weapons
 a - a +3 broad axe of freezing (weapon)
 y - a +1 war axe
 M - a +3 dagger of distortion
 N - a +2 demon whip of flaming
Armour
 b - a +2 pair of gloves (worn)
 t - a +2 pair of boots (worn)
 v - the +7 plate armour of Tomorrow (worn) {-Tele Rampage Dex+2 SInv}
   (You acquired it on level 2 of the Orcish Mines)

   It affects your dexterity (+2).
   It lets you see invisible.
   It prevents most forms of teleportation.
   It bestows one free step when moving towards enemies.
 G - a +2 plate armour of cold resistance
 I - the +2 shield of Resistance (worn) {rF++ rC++ MR++}
   (You found it on level 11 of the Dungeon)

   It greatly protects you from fire.
   It greatly protects you from cold.
   It affects your resistance to hostile enchantments.
 J - a +2 helmet of intelligence (worn)
 O - the +0 pair of gloves of Gestures {rPois rCorr Str-4 Stlth+}
   (You bought it in a shop on level 2 of the Orcish Mines)

   It affects your strength (-4).
   It protects you from poison.
   It provides partial protection from all sources of acid and corrosion.
   It makes you more stealthy.
Jewellery
 j - a cursed ring of protection from magic (left hand)
 w - the ring "Nidonuro" {+Inv rF+ Str+4 Int+4 Dex+4}
   (You acquired it on level 2 of the Depths)

   [ring of protection from fire]

   It affects your strength (+4).
   It affects your intelligence (+4).
   It affects your dexterity (+4).
   It protects you from fire.
   It lets you turn invisible.
 B - the amulet "Ixzan" (around neck) {Acrobat rPois rC++ Str-2 SInv}
   (You acquired it in a bailey)

   [amulet of the acrobat]

   It helps you evade while moving and waiting.
   It affects your strength (-2).
   It greatly protects you from cold.
   It protects you from poison.
   It lets you see invisible.
 K - a ring of protection from fire (right hand)
 Q - an uncursed amulet of guardian spirit {unknown}
 S - an uncursed ring of see invisible
Wands
 c - a wand of paralysis (17)
 k - a wand of iceblast (7) {@v2}
 C - a wand of disintegration (45)
 D - a wand of acid (15) {@v1}
 L - a wand of digging (7) {@v3}
Scrolls
 g - 4 scrolls of remove curse {@r2}
 h - a scroll of holy word
 i - 7 scrolls of fog
 m - 2 scrolls of blinking
 o - 3 scrolls of magic mapping {@r5}
 p - 9 scrolls of teleportation {@r3}
 q - 3 scrolls of silence
 E - a scroll of fear
 F - 2 scrolls of immolation {@r4}
 R - a scroll of enchant armour
 T - 4 scrolls of identify {@r1}
Potions
 d - 3 potions of might {@q3}
 e - 5 potions of mutation
 f - 3 potions of heal wounds {@q2}
 l - 2 potions of invisibility
 n - 3 potions of ambrosia
 r - 10 potions of curing {@q1}
 s - 2 potions of magic
 u - a potion of flight
 x - 3 potions of lignification {@q7}
 A - 3 potions of haste {@q4}
 P - a potion of resistance {@q6}
Miscellaneous
 z - a tin of tremorstones (3/3)
 H - a condenser vane (2/2)


   Skills:
 * Level 16.8(16.4) Fighting
 * Level 17.2(16.8) Axes
 + Level 13.0(12.6) Armour
 + Level 4.8(4.5) Dodging
 + Level 13.0(12.6) Shields
 + Level 14.2(13.8) Invocations
 - Level 10.0(9.6) Evocations


You had 16 spell levels left.
You didn't know any spells.
Your spell library was empty.

Dungeon Overview and Level Annotations

Branches:
Dungeon (15/15)            Temple (1/1) D:4            Lair (6/6) D:9
  Swamp (4/4) Lair:4        Snake (4/4) Lair:2        Slime (0/5) Lair:6
    Orc (2/2) D:10         Depths (4/5) D:15         Bailey (visited)
    Elf: Orc:2       Vaults: D:13-14

Altars:
Ashenzari
Cheibriados
Dithmenos
Elyvilon
Kikubaaqudgha
Makhleb
Nemelex Xobeh
Okawaru
Ru
Sif Muna
Trog
Uskayaw
Vehumet
Wu Jian
Xom
Jiyva

Shops:
D:11 (   D:14 (   Orc:2 :?[*   Snake:2 }   Depths:4 =

Portals:
Hell: Depths:3
Pandemonium: Orc:2

Annotations:
D:11 3 runed translucent doors, Mamibb's ghost, journeyman FoFi
Snake:1 2 runed translucent doors, Xucveix's ghost, adept DrCj


Innate Abilities, Weirdness & Mutations

You are resistant to damage.
You can heal yourself by infusing magical energy.
You resist negative energy. (rN+)
You passively map the area around you.
You do not regenerate.
You have sharp fingernails.
Your magical capacity is low. (-10% MP)
You are weak. (Str -2)
Potions are less effective at restoring your health.


Message History

The hell knight seems to speed up.
You block the water elemental's attack. The floating eye's view fixates on you.
You hit the water elemental. You freeze the water elemental.
The water elemental is heavily damaged.
You slash the hell knight! You freeze the hell knight.
You slash the juggernaut! You freeze the juggernaut. You slash the hell knight!
You freeze the hell knight.
Your lungs strain for air!
The yaktaur shoots a bolt.
The bolt hits you. The hell knight barely misses you.
You slash the water elemental! You freeze the water elemental.
The water elemental is severely damaged.
You slash the hell knight! You freeze the hell knight.
You slash the juggernaut! You freeze the juggernaut. You hit the hell knight.
You freeze the hell knight.
Your lungs strain for air!
You block the water elemental's attack.
The deep troll earth mage casts a spell at you.
The wall shatters!
The blast of rock fragments hits you but does no damage.
A rakshasa comes into view. It is wielding a +0 whip.
The hell knight hits you but does no damage.
You partially resist.
You feel drained.
You hear a shout!
You slash the water elemental! You freeze the water elemental.
The water elemental is almost destroyed.
You barely miss the hell knight. You hit the juggernaut.
You freeze the juggernaut. You slash the hell knight!
You freeze the hell knight.
Your lungs strain for air!
The juggernaut hits you!!! The juggernaut hits you!
The floating eye gazes piercingly through you!
You suddenly lose the ability to move!
The water elemental hits you.
The hell knight hits you but does no damage.
A centaur warrior comes into view.
The hell knight casts a spell.
The hell knight seems to speed up.
The glowing orange brain pulsates.
You resist with almost no effort.
The hell knight hits you from afar with a +2 halberd of pain!
You writhe in agony.
Your lungs strain for air!
The deep troll bites you but does no damage.
The deep troll claws you but does no damage. x2
The rakshasa weaves an illusion.
The deep troll shimmers and seems to become two!
The hell knight casts a spell.
The hell knight seems to speed up.
The hell knight hits you but does no damage.
You partially resist.
You feel drained. The water elemental hits you.
The deep troll bites you but does no damage.
The deep troll claws you but does no damage. x2
The hell knight hits you but does no damage.
You writhe in agony.
The hell knight hits you but does no damage.
An ice dragon comes into view.
Your lungs strain for air!
The ice dragon roars deafeningly!
The deep troll bites you! The deep troll claws you! The deep troll claws you.
The hell knight hits you from afar with a +2 halberd of pain!
The water elemental hits you.
The hell knight hits you but does no damage.
You partially resist.
You feel drained. The floating eye seems to glare at you.
The hell knight hits you but does no damage.
Your lungs strain for air!
The deep troll bites you. The deep troll claws you.
The deep troll claws you but does no damage.
The hell knight hits you from afar with a +2 halberd of pain!
You writhe in agony.
* * * LOW HITPOINT WARNING * * *
The juggernaut hits you!!
* * * LOW HITPOINT WARNING * * *
The juggernaut hits you!
* * * LOW HITPOINT WARNING * * *
The water elemental hits you.
The deep troll bites you but does no damage.
The deep troll claws you but does no damage.
The deep troll claws you.
The hell knight gestures at you while chanting.
The bolt of fire hits you but does no damage.
* * * LOW HITPOINT WARNING * * *
Your lungs strain for air!
The shining eye changes into an eye of devastation!
The hell knight hits you but does no damage.
You writhe in agony.
The hell knight hits you with a +0 long sword!
* * * LOW HITPOINT WARNING * * *
The deep troll bites you but does no damage.
The deep troll claws you but does no damage. x2
The floating eye gazes piercingly through you!
You shrug off the repeated paralysis!
The necromancer mumbles some strange words.
The necromancer binds the souls of nearby monsters.
The water elemental hits you.
* * * LOW HITPOINT WARNING * * *
The glowing orange brain pulsates.
You resist with almost no effort.
The hell knight hits you with a +0 long sword of draining!
You die...

, , ,, , , ,
,,,,,.......8., , , ,
, , ........ , , ≈ ,
,, * .....<# , , , ,
...R.# .. , , #.**,,
...∩##,... 8 , #.## ,
, .Gc.#...., , #....
####T8GG.... , , ,
#.... #...@CTT.... ,
#....##..pEpTT.... ,
#........ppTc≈≈≈≈≈ ,
, #........≈p≈≈≈≈≈≈≈
, #.....<...≈≈≈pD≈≈.
, , ,
,,*#.................
8
*⌠#....##+#...##....
, * #.... #.........,
,, ..... ......p<. ,
*


You could see a juggernaut (soul bound), an ice dragon (soul bound), a rakshasa,
5 hell knights, an eye of devastation shaped shifter, a glowing orange brain, a
centaur warrior (soul bound), 4 deep trolls, a deep troll earth mage (soul
bound), a deep troll shaman (soul bound), a yaktaur (soul bound), a water
elemental, a necromancer and a floating eye.

Vanquished Creatures
  A lich (Depths:1)
  A thorn hunter (Swamp:3)
  5 nagarajas (Snake:4)
  Donald (Swamp:1)
  A frost giant (Depths:3)
  Louise (Swamp:1)
  9 very ugly things
  2 stone giants (Depths:1)
  A dire elephant (Lair:4)
  2 blizzard demons (Abyss:4)
  5 fire dragons
  A rakshasa (D:14)
  13 hydras
  7 naga warriors
  A death knight (D:15)
  A centaur warrior (D:14)
  9 anacondas
  A deep troll shaman (Depths:1)
  2 ogre magi (D:15)
  2 alligators
  3 two-headed ogres
  8 orc high priests (Orc:2)
  2 tengu warriors
  Urug (D:12)
  9 naga sharpshooters (Snake:4)
  A shock serpent (Snake:4)
  Sonja (D:12)
  An iron troll (Depths:1)
  A skeletal warrior (D:15)
  9 naga ritualists
  A spriggan druid (Swamp:4)
  An unseen horror (D:10)
  4 swamp dragons (Swamp:4)
  5 deep trolls
  A gelid demonspawn (Orc:2)
  3 infernal demonspawn (Orc:2)
  3 lindwurms
  4 orc knights (Orc:2)
  6 mana vipers (Snake:4)
  4 orc sorcerers
  2 ugly things
  18 naga magi
  Joseph (D:7)
  18 black mambas
  5 centaur zombies
  A rust devil (Orc:2)
  3 smoke demons
  12 cane toads
  11 elephants (Lair:4)
  A black mamba (shapeshifter) (D:15)
  3 molten gargoyles (Lair:6)
  An orange demon (Orc:2)
  3 centaur skeletons
  A gargoyle (D:12)
  A torpor snail (Lair:5)
  Maggie (D:6)
  7 komodo dragons (Lair:6)
  A freezing wraith (D:15)
  A kobold demonologist (D:15)
  An ice devil (Orc:2)
  A demonic crawler (Abyss:4)
  2 polar bears
  An ancient zyme (Abyss:4)
  5 trolls
  6 tyrant leeches
  A hornet (Swamp:3)
  A blink frog (shapeshifter) (Abyss:4)
  5 bog bodies
  7 slime creatures
  3 raiju (Abyss:4)
  4 hippogriffs
  A spriggan (Swamp:3)
  A shadow (D:15)
  3 wraiths
  8 wyverns
  A vampire (D:14)
  A ynoxinul (Abyss:4)
  A water elemental (Depths:4)
  25 yaks
  2 steam dragons
  2 basilisks
  A neqoxec (Orc:2)
  A fire elemental (Swamp:4)
  8 vampire mosquitoes
  2 chaos spawn
  Grum (D:9)
  6 swamp worms
  Edmund (D:6)
  28 nagas
  2 wargs (Orc:1)
  4 water moccasins
  3 hell hounds (Lair:6)
  9 porcupines
  4 eyes of draining
  2 ice beasts
  2 sky beasts
  29 orc warriors
  10 swamp drakes
  3 black bears (D:9)
  2 necrophages (D:11)
  10 ogres
  8 centaurs
  2 wolves (D:9)
  10 crocodiles
  A small abomination (Abyss:4)
  A big kobold (D:11)
  17 bullfrogs
  A wyvern zombie (D:14)
  3 scorpions
  9 killer bees
  16 wights
  2 howler monkeys
  An electric eel (Lair:4)
  6 lava snakes
  6 hounds
  A quasit (D:10)
  20 orc priests
  4 jellies
  16 orc wizards
  An iguana (D:12)
  2 lightning spires (Abyss:4)
  7 worker ants
  2 hound skeletons
  10 gnolls
  12 adders
  2 shadow imps (D:5)
  2 white imps
  An ufetubus (D:7)
  An adder skeleton (D:6)
  A worm (D:2)
  A dart slug (D:2)
  4 leopard geckos
  92 orcs
  A giant cockroach (D:4)
  13 goblins
  3 hobgoblins
  6 jackals
  18 kobolds
  5 quokkas
  A ball python (D:2)
  4 bats
  5 frilled lizards
  A leopard gecko skeleton (D:6)
  2 briar patches (Swamp:3)
756 creatures vanquished.

Vanquished Creatures (collateral kills)
  A nagaraja (Snake:4)
  An orc warlord (Bailey)
  A hydra (Lair:1)
  An alligator (Swamp:3)
  A cane toad (Lair:1)
  A steam dragon (Swamp:4)
  2 vampire mosquitoes (Swamp:3)
  3 orc priests (Orc:2)
  An orc (Bailey)
  A goblin (Bailey)
13 creatures vanquished.

Vanquished Creatures (others)
  2 hydras (Swamp:4)
  A swamp dragon (Swamp:4)
  A swamp worm (Swamp:4)
  4 swamp drakes (Swamp:4)
  A rat (D:3)
  2 briar patches (Swamp:3)
  89 fungi
  91 plants
191 creatures vanquished.

Grand Total: 960 creatures vanquished

Notes
Turn   | Place    | Note
-------+----------+-------------------------------------------
     0 | D:1      | EnegeticOcto the Deep Dwarf Fighter began the quest for the
                  | Orb.
     0 | D:1      | Reached XP level 1. HP: 20/20 MP: 1/1
   119 | D:2      | Reached XP level 2. HP: 25/27 MP: 2/2
   153 | D:2      | Reached skill level 3 in Axes
   153 | D:2      | Reached XP level 3. HP: 21/33 MP: 3/3
   281 | D:2      | Found a sacrificial altar of Ru.
   376 | D:3      | Found a white marble altar of Elyvilon.
   461 | D:3      | Reached XP level 4. HP: 38/42 MP: 3/3
   721 | D:4      | Found a staircase to the Ecumenical Temple.
   721 | D:4      | Noticed an orc warrior
   743 | D:4      | Killed an orc warrior
   743 | D:4      | Reached skill level 4 in Axes
   743 | D:4      | Reached XP level 5. HP: 49/49 MP: 3/3
   822 | Temple   | Entered the Ecumenical Temple
   943 | Temple   | Became a worshipper of Makhleb the Destroyer
  1065 | D:4      | Reached XP level 6. HP: 28/57 MP: 4/4
  1233 | D:4      | Reached skill level 5 in Axes
  1233 | D:4      | Reached skill level 1 in Invocations
  1247 | D:5      | Entered Level 5 of the Dungeon
  1319 | D:5      | Reached XP level 7. HP: 47/64 MP: 6/6
  1449 | D:5      | Found a snail-covered altar of Cheibriados.
  1656 | D:5      | Found a sparkling altar of Nemelex Xobeh.
  1701 | D:6      | Noticed Maggie
  1705 | D:6      | Reached * piety under Makhleb
  1743 | D:6      | Killed Maggie
  1743 | D:6      | Reached skill level 6 in Axes
  1743 | D:6      | Reached skill level 5 in Armour
  1743 | D:6      | Reached skill level 5 in Shields
  1745 | D:6      | Reached skill level 5 in Fighting
  1745 | D:6      | Reached XP level 8. HP: 48/74 MP: 3/5
  1876 | D:6      | Noticed Edmund
  1900 | D:6      | Killed Edmund
  2289 | D:7      | Noticed Joseph
  2342 | D:7      | Killed Joseph
  2342 | D:7      | Reached skill level 7 in Axes
  2523 | D:7      | Reached ** piety under Makhleb
  2593 | D:7      | Gained mutation: You passively map the area around you.
                  | [Deep Dwarf growth]
  2593 | D:7      | Reached XP level 9. HP: 59/82 MP: 6/6
  3206 | D:8      | Reached skill level 8 in Axes
  3206 | D:8      | Reached skill level 5 in Invocations
  3652 | D:8      | Reached *** piety under Makhleb
  3834 | D:9      | Reached skill level 9 in Axes
  3841 | D:9      | Found a staircase to the Lair.
  3859 | D:9      | Reached XP level 10. HP: 55/94 MP: 8/8
  3897 | D:9      | Noticed Grum
  3947 | D:9      | Killed Grum
  4084 | D:9      | Noticed a two-headed ogre
  4095 | D:9      | Killed a two-headed ogre
  4095 | D:9      | Reached skill level 10 in Axes
  4523 | D:10     | Entered Level 10 of the Dungeon
  4633 | D:10     | Reached **** piety under Makhleb
  4712 | D:10     | Found a flagged portal.
  4730 | D:10     | Killed an unseen horror
  4730 | D:10     | Reached XP level 11. HP: 94/104 MP: 8/8
  4733 | Bailey   | Entered a bailey
  4738 | Bailey   | Noticed an orc warlord
  4796 | Bailey   | Found a runed translucent gate.
  4796 | Bailey   | Found a runed translucent gate.
  4808 | Bailey   | Found a runed translucent gate.
  4895 | Bailey   | Killed an orc warlord
  4911 | Bailey   | Reached skill level 11 in Axes
  4911 | Bailey   | Reached XP level 12. HP: 102/116 MP: 10/10
  4919 | Bailey   | Identified a scroll of acquirement
  4919 | Bailey   | Acquired the amulet "Ixzan" {Acrobat rPois rC++ Str-2 SInv}
  4996 | D:10     | Found a staircase to the Orcish Mines.
  5395 | D:10     | Reached skill level 10 in Fighting
  5924 | D:11     | Noticed a two-headed ogre
  5935 | D:11     | Killed a two-headed ogre
  5941 | D:11     | Reached skill level 12 in Axes
  6068 | D:11     | Reached ***** piety under Makhleb
  6068 | D:11     | Reached skill level 1 in Evocations
  6109 | D:11     | Found a runed translucent gate.
  6110 | D:11     | Found a runed translucent gate.
  6110 | D:11     | Found a runed translucent gate.
  6110 | D:11     | Noticed Mamibb's ghost (journeyman FoFi)
  6116 | D:11     | Found the +2 shield of Resistance {rF++ rC++ MR++}
  6310 | D:11     | Found Devvao's Antique Weapon Emporium.
  6802 | Orc:1    | Entered Level 1 of the Orcish Mines
  7282 | Orc:2    | Entered Level 2 of the Orcish Mines
  7356 | Orc:2    | Found Qiwy's General Store.
  7358 | Orc:2    | Found Yhuut Hoj's Magic Scroll Boutique.
  7394 | Orc:2    | Reached skill level 10 in Invocations
  7434 | Orc:2    | Bought a scroll of acquirement for 832 gold pieces
  7434 | Orc:2    | Acquired the +7 plate armour of Tomorrow {-Tele Rampage
                  | Dex+2 SInv}
  7449 | Orc:2    | Bought a scroll of magic mapping for 52 gold pieces
  7561 | Lair:1   | Entered Level 1 of the Lair of Beasts
  7652 | Lair:1   | Noticed an eight-headed hydra
  7675 | Lair:1   | Killed a 14-headed hydra
  7675 | Lair:1   | Reached XP level 13. HP: 57/126 MP: 11/11
  8048 | Lair:2   | Found a staircase to the Snake Pit.
  8367 | Lair:3   | Reached skill level 10 in Armour
  8473 | Lair:3   | Reached skill level 13 in Axes
  8888 | Lair:4   | Reached skill level 10 in Shields
  9036 | Lair:4   | Noticed a dire elephant
  9051 | Lair:4   | Reached skill level 5 in Evocations
  9089 | Lair:4   | Killed a dire elephant
  9203 | Lair:4   | Found a staircase to the Swamp.
  9286 | Lair:5   | Reached ****** piety under Makhleb
  9568 | Lair:6   | Entered Level 6 of the Lair of Beasts
  9842 | Lair:6   | Found a viscous altar of Jiyva.
  9842 | Lair:6   | Found a staircase to the Slime Pits.
 10113 | Lair:6   | Gained mutation: You resist negative energy. (rN+) [Deep
                  | Dwarf growth]
 10113 | Lair:6   | Reached XP level 14. HP: 135/136 MP: 13/13
 10150 | Lair:6   | Reached skill level 14 in Axes
 10236 | Lair:6   | Found a large runed translucent door.
 10238 | Lair:6   | Found a large runed translucent door.
 10750 | D:9      | Acquired a manual of Fighting
 10994 | D:12     | Noticed Urug
 11012 | D:12     | Killed Urug
 11210 | D:12     | Noticed Sonja
 11216 | D:12     | Killed Sonja
 11364 | Snake:1  | Entered Level 1 of the Snake Pit
 11448 | Snake:1  | Noticed a nagaraja
 11459 | Snake:1  | Found a runed translucent gate.
 11459 | Snake:1  | Found a runed translucent gate.
 11459 | Snake:1  | Noticed Xucveix's ghost (adept DrCj)
 11481 | Snake:2  | Found Kechob's Gadget Emporium.
 11594 | Snake:4  | Entered Level 4 of the Snake Pit
 11890 | Snake:4  | Noticed a nagaraja
 11891 | Snake:4  | Noticed a nagaraja
 11891 | Snake:4  | Noticed a nagaraja
 11898 | Snake:4  | Killed a nagaraja
 11904 | Snake:4  | Reached skill level 15 in Axes
 11905 | Snake:4  | Noticed a nagaraja
 11906 | Snake:4  | Reached XP level 15. HP: 124/148 MP: 2/14
 11906 | Snake:4  | Killed a nagaraja
 11906 | Snake:4  | Killed a nagaraja
 11928 | Snake:4  | Noticed a nagaraja
 11930 | Snake:4  | Killed a nagaraja
 11945 | Snake:4  | Killed a nagaraja
 11957 | Snake:4  | Got a serpentine rune of Zot
 11969 | Snake:4  | Noticed a nagaraja
 11980 | Snake:4  | Killed a nagaraja
 12601 | Orc:2    | Reached skill level 15 in Fighting
 12605 | Orc:2    | Reached skill level 16 in Axes
 12686 | Orc:2    | Found Ylad's Book Shoppe.
 12686 | Orc:2    | Found Kaiwni's Antique Armour Emporium.
 12686 | Orc:2    | Found a one-way gate leading to the halls of Pandemonium.
 12690 | Orc:2    | Bought a pair of slimy gloves for 285 gold pieces
 12690 | Orc:2    | Identified the +0 pair of gloves of Gestures {rPois rCorr
                  | Str-4 Stlth+} (You bought it in a shop on level 2 of the
                  | Orcish Mines)
 12692 | Orc:2    | Bought a runed plate armour for 780 gold pieces
 12969 | Lair:4   | Reached skill level 10 in Evocations
 12978 | Swamp:1  | Entered Level 1 of the Swamp
 13017 | Swamp:1  | Reached XP level 16. HP: 163/163 MP: 15/15
 13048 | Swamp:1  | Noticed Louise
 13084 | Swamp:1  | Killed Louise
 13110 | Swamp:1  | Identified the +3 kite shield of Cynicism {rElec Str-4
                  | Int+5 Stlth+}
 13110 | Swamp:1  | Noticed Donald
 13166 | Swamp:1  | Killed Donald
 13212 | Swamp:2  | Reached skill level 1 in Dodging
 13279 | Swamp:3  | Noticed a thorn hunter
 13303 | Swamp:3  | Killed a thorn hunter
 13583 | Swamp:4  | Entered Level 4 of the Swamp
 13861 | Swamp:4  | Got a decaying rune of Zot
 14538 | D:14     | Found Buhinoef's Antique Weapon Boutique.
 14597 | D:15     | Entered Level 15 of the Dungeon
 15029 | D:15     | Found a staircase to the Depths.
 15045 | D:15     | Cast into level 3 of the Abyss (unwielding a weapon of
                  | distortion)
 15051 | Abyss:4  | Gained mutation: You have sharp fingernails. [mutagenic
                  | glow]
 15068 | Abyss:4  | Gained mutation: Potions are less effective at restoring
                  | your health. [mutagenic glow]
 15072 | Abyss:4  | Noticed a hellephant
 15081 | Abyss:4  | Gained mutation: Your magical capacity is low. (-10% MP)
                  | [mutagenic glow]
 15095 | Abyss:4  | Gained mutation: You are weak. (Str -2) [mutagenic glow]
 15133 | Abyss:4  | Got an abyssal rune of Zot
 15185 | D:15     | Escaped the Abyss
 15194 | Depths:1 | Entered Level 1 of the Depths
 15208 | Depths:1 | Noticed a lich
 15216 | Depths:1 | Reached skill level 17 in Axes
 15241 | Depths:1 | HP: 1/166 [lich/bolt of lightning (51)]
 15254 | Depths:1 | Killed a lich
 15254 | Depths:1 | Reached XP level 17. HP: 168/175 MP: 6/6
 15346 | Depths:2 | Acquired the ring "Nidonuro" {+Inv rF+ Str+4 Int+4 Dex+4}
 15361 | Depths:3 | Found a gateway to Hell.
 15400 | Depths:4 | Found Fosoek's Jewellery Shoppe.
 15404 | Depths:4 | Noticed a juggernaut
 15412 | Depths:4 | Paralysed by a floating eye for 4 turns
 15416 | Depths:4 | HP: 8/175 [hell knight/+0 long sword (6)]
 15416 | Depths:4 | Slain by a hell knight

Illustrated notes

Levels and vault maps discovered:
D:1:      dpeg_arrival_boxorama, layout_rooms, hangedman_decor_growths
D:2:      layout_loops_ring, chequers_ecumenical_altar_simple,
          nicolae_ru_the_path_less_chosen
D:3:      layout_basic, chequers_serial_rivers_room_a, elyvilon_altar_4
D:4:      layout_rooms, minmay_temple_entry_overgrown
D:5:      layout_basic, lemuel_coloured_pillars_altar, basic_altar
D:6:      layout_cave_pools, uniq_edmund, uniq_maggie
D:7:      layout_gridville, lemuel_flamethrower_2, uniq_joseph
D:8:      layout_basic, hangedman_decor_clover_reticule
D:9:      layout_irregular_city, due_lair_maze_entry_diamond, uniq_grum
D:10:     layout_stronghold, orc_0_dummy, enter_bailey_3
D:11:     layout_stronghold, serial_shops, shop, gammafunk_ghost_nasty_kobolds
D:12:     layout_loops_ring, grunt_tough_drop, uniq_sonja, uniq_urug
D:13:     layout_grid_maze, serial_shops, shop, shop, shop, minivault_14
D:14:     layout_roguey, david_vaults_1, serial_shops, shop, grunt_decor_cap
D:15:     hangedman_depths_entry_civil_slaughter, layout_basic,
          chequers_serial_rivers_micro_a, due_unseen_surprise
Temple:   roderic_octagonal_lattice_temple
Lair:1:   layout_regular_city, chequers_serial_rivers_marsh,
          infiniplex_staircase_pool
Lair:2:   wander_river, layout_gridlike, minmay_snake_entry_guardpost_small,
          pond
Lair:3:   layout_roguey
Lair:4:   mu_elephants_graveyard, layout_long_grid, swamp_mist_pool,
          infiniplex_staircase_pool_2, minmay_lair_oklob_chamber
Lair:5:   layout_big_grid, lookout_lair_type
Lair:6:   cheibrodos_lair_end_hotspot, layout_hall_layers,
          dpeg_slime_entry_enclosed_altar, serial_bayou_shore_b
Swamp:1:  layout_basic_swamp, evilmike_swamp_ruin_rubble_1, uniq_louise,
          uniq_donald
Swamp:2:  layout_basic_swamp, evilmike_swamp_ruin_house_6, uniq_aizul
Swamp:3:  layout_basic_swamp, evilmike_swamp_ruin_rubble_2
Swamp:4:  swamp_fiery, layout_basic_swamp, uniq_mara
Snake:1:  layout_basic, serial_shops, nicolae_shop_behind_doors, shop,
          gammafunk_ghost_split, st_stairs_1, minmay_shop_enchanted_jewellery,
          grunt_ministairs_9, serial_bayou_shore_b
Snake:2:  layout_onion_interference, serial_shops, shop_fountains, st_stairs_13
Snake:3:  layout_layer_cave, uniq_saint_roka, uniq_vashnia
Snake:4:  snake_pit, layout_onion_interference, drop_trap
Orc:1:    layout_diamond_mine
Orc:2:    pf_orc_diabolical, layout_diamond_mine, nicolae_orc_damp_corner,
          nicolae_orc_tapped_out
Depths:1: minmay_the_grid_triangle_9x9_rhombus_thin_mashed
          [minmay_the_grid_triangle_9x9_odd_lines,
          minmay_the_grid_triangle_9x9_prize_insulated,
          minmay_the_grid_triangle_9x9_shrine,
          minmay_the_grid_triangle_9x9_tough_junction], layout_cave_shapes,
          hangedman_coc_ice_floe, serial_shops, shop, pan_entry,
          minmay_misc_feat_pillars, minmay_statues_item, serial_bayou_pond_a,
          kennysheep_four_rooms
Depths:2: hangedman_six_sided_sadism, layout_cave_pools, hell_entry,
          minmay_fountain_box, rand_demon_pan_entry_3, serial_bayou,
          serial_bayou_crossing, serial_bayou_shore_b, serial_bayou_pond_c,
          serial_bayou_ford_a, hangedman_abyss_or_decor_clamps,
          kennysheep_generic_room_6
Depths:3: evilmike_horseshoe, layout_basic, enter_ziggurat_d, pan_entry,
          hell_entry, solitary_fountain, uniq_jory
Depths:4: kennysheep_green_arena, layout_basic, hell_entry, abyss_entry,
          serial_corexii_hall, chequers_hall_statues_y,
          chequers_hall_statues_corner_a, chequers_hall_statues_wall_a,
          corexii_hall_statues_l, corexii_hall_statues_x,
          corexii_hall_statues_s, grunt_pan_entry_in_and_out, serial_shops,
          shop_statue

Skill      XL: |  1  2  3  4  5  6  7  8  9 10 11 12 13 14 15 16 17 |
---------------+----------------------------------------------------+-----
Axes           | 3 4 5 6 7 9 10 11 12 13 15 16 17 | 17.2
Fighting       | 3 4 5 6 7 8 9 10 11 13 15 16 | 16.8
Armour         | 4 5 6 7 9 10 11 12 13 | 13.0
Shields        | 4 5 6 7 8 9 10 11 12 13 | 13.0
Invocations    | 1 3 4 6 7 9 10 11 12 13 14 | 14.2
Evocations     | 4 6 8 10 | 10.0
Dodging        | 4 |  4.8

Action                   |  1- 3 |  4- 6 |  7- 9 | 10-12 | 13-15 | 16-18 || total
-------------------------+-------+-------+-------+-------+-------+-------++-------
Melee: War axe           |   100 |   136 |   364 |   442 |       |       ||  1042
       Broad axe         |       |       |       |   184 |  1199 |   690 ||  2073
Invok: Lesser Servant of |       |       |       |     4 |     2 |     3 ||     9
       Greater Servant o |       |       |       |       |     1 |     1 ||     2
 Abil: Heal Wounds       |     2 |     6 |    14 |     9 |    11 |    26 ||    68
Evoke: Condenser vane    |       |       |       |     2 |     5 |     4 ||    11
       Tin of tremorston |       |       |       |       |    10 |     4 ||    14
       Wand              |       |       |       |       |     3 |     1 ||     4
  Use: Scroll            |       |       |    18 |     4 |    12 |     6 ||    40
       Potion            |       |       |       |     1 |       |     7 ||     8
 Stab: Distracted        |       |       |       |     1 |       |       ||     1
       Paralysed         |       |       |       |       |     3 |       ||     3
       Confused          |       |       |       |       |       |     2 ||     2
Armor: Scale mail        |    43 |    21 |       |       |       |       ||    64
       Plate armour      |       |    50 |   216 |   505 |   923 |   700 ||  2394
Dodge: Dodged            |    43 |    42 |    78 |   210 |   286 |   270 ||   929
Block: Kite shield       |    56 |    84 |   251 |   529 |   969 |   577 ||  2466

Table legend: (Time is in decaauts)
 A = Elapsed time spent in this place.
 B = Non-inter-level travel time spent in this place.
 C = Inter-level travel time spent in this place.
 D = Time resting spent in this place.
 E = Time spent auto-exploring this place.
 F = Levels seen in this place.
 G = Mean time per level.
                   A        B        C        D        E       F      G
               +--------+--------+--------+--------+--------+-----+--------+
         Total |  15422 |  13481 |   1941 |     15 |   8392 |  39 |  395.4 |
       Dungeon |   8093 |   7319 |    774 |      0 |   5050 |  15 |  539.5 |
        Temple |    139 |     97 |     42 |      0 |     95 |   1 |  139.0 |
          Lair |   3590 |   2950 |    640 |      0 |   2074 |   6 |  598.3 |
         Swamp |   1008 |    861 |    147 |      0 |    281 |   4 |  252.0 |
     Snake Pit |    705 |    558 |    147 |      0 |    173 |   4 |  176.2 |
  Orcish Mines |   1311 |   1127 |    184 |     15 |    598 |   2 |  655.5 |
        Depths |    197 |    192 |      5 |      0 |     21 |   4 |   49.2 |
         Abyss |    132 |    132 |      0 |      0 |     29 |   2 |   66.0 |
        Bailey |    243 |    243 |      0 |      0 |     69 |   1 |  243.0 |
               +--------+--------+--------+--------+--------+-----+--------+

Top non-repeatable levels by time:
    D:10: 1183 daAuts
  Lair:6: 1049 daAuts
    D:11: 1042 daAuts
     D:7: 928 daAuts
     D:9: 806 daAuts
   Orc:2: 735 daAuts
  Lair:3: 720 daAuts
  Lair:2: 657 daAuts
     D:8: 640 daAuts
     D:6: 620 daAuts
  Lair:4: 599 daAuts
   Orc:1: 576 daAuts
    D:12: 549 daAuts
     D:5: 453 daAuts
     D:4: 439 daAuts
